 Dungeon Crawl Stone Soup version 0.18.1-1-g2f07953 (webtiles) character file.

308 varam the Insei (level 5, 0/39 HPs)
             Began as a Demigod Transmuter on May 6, 2016.
             Slain by an ogre
             ... wielding a +0 giant club
              (21 damage)
             ... on level 4 of the Dungeon.
             The game lasted 00:13:43 (4703 turns).

varam the Insei (Demigod Transmuter)                Turns: 4703, Time: 00:13:44

Health: 0/39       AC:  3    Str: 15    XL:     5   Next: 94%
Magic:  17/20      EV:  8    Int: 17    God:
Gold:   199        SH:  0    Dex: 16    Spells: 3 memorised, 2 levels left

rFire  . . .     SeeInvis .       - Unarmed
rCold  . . .     Gourm    .     b - +0 robe
rNeg   . . .     Faith    .     (no shield)
rPois  .         Spirit   .     q - +0 helmet
rElec  .         Dismiss  .     (no cloak)
rCorr  .         Reflect  .     (no gloves)
SustAt +         Harm     .     (no boots)
MR     .....                    (no amulet)
Stlth  +.........               y - ring of sustain attributes
                                f - ring of magical power

@: very slightly contaminated, not resistant to hostile enchantments, very
unstealthy
A: high mp 1, sustain attributes
a: no special abilities


You were on level 4 of the Dungeon.
You were not hungry.

You visited 1 branch of the dungeon, and saw 4 of its levels.

You collected 199 gold pieces.

Inventory:

Missiles
 a - 28 arrows
Armour
 b - a +0 robe (worn)
 q - a +0 helmet (worn)
Jewellery
 f - a ring of magical power (left hand)
 y - a ring of sustain attributes (right hand)
Wands
 t - a wand of slowing (32/48)
Scrolls
 e - 2 scrolls of teleportation {unknown}
 g - 2 scrolls of enchant weapon {unknown}
 i - a scroll of magic mapping {unknown}
 k - a scroll of enchant armour {unknown}
 m - a scroll of random uselessness {unknown}
 p - a scroll of remove curse {unknown}
 r - 2 scrolls of amnesia {unknown}
 u - 2 scrolls of immolation {unknown}
 w - a scroll of fog {unknown}
 x - 3 scrolls of identify {unknown}
Potions
 h - 2 potions of cure mutation {unknown}
 j - a potion of flight {unknown}
 n - a potion of degeneration {unknown}
 s - a potion of ambrosia {unknown}
 v - a potion of lignification {unknown}
Books
 c - a book of Changes

   Spells                             Type                      Level
   a - Beastly Appendage              Transmutation                1
   b - Sticks to Snakes               Transmutation                2
   c - Spider Form                    Transmutation/Poison         3
   d - Ice Form                       Ice/Transmutation            4
   e - Blade Hands                    Transmutation                5
Comestibles
 d - 5 bread rations
 l - a slice of pizza
 o - a meat ration


   Skills:
 - Level 0.8 Fighting
 - Level 2.1 Dodging
 + Level 5.7 Unarmed Combat
 - Level 2.4 Spellcasting
 - Level 2.2 Transmutations


You had 2 spell levels left.
You knew the following spells:

 Your Spells              Type           Power        Failure   Level  Hunger
a - Beastly Appendage     Trmt           #.....       10%         1    #......
b - Sticks to Snakes      Trmt           #.......     14%         2    ##.....
c - Spider Form           Trmt/Pois      #.........   38%         3    ###....


Dungeon Overview and Level Annotations

Branches:
Dungeon (4/15)
 Temple: D:4-7


Innate Abilities, Weirdness & Mutations

You have an increased reservoir of magic (+10% MP).
Your attributes are resistant to harm.


Message History

Confirm with . or Enter, or press ? or * to list all spells.
You miscast Spider Form.
You are very lightly contaminated with residual magic.
You feel a strange surge of energy!
Casting: Spider Form
Confirm with . or Enter, or press ? or * to list all spells.
You turn into a venomous arachnid creature.
Your +0 helmet melds into your body.
Your +0 robe melds into your body.
Your transformation is almost over.
You hit the ogre.
The ogre is poisoned.
The ogre is lightly wounded.
The ogre hits you with a giant club!!
Ouch! That really hurt!
There is an escape hatch in the floor here.
Your transformation has ended.
Your +0 helmet unmelds from your body.
Your +0 robe unmelds from your body.
There is an escape hatch in the ceiling here.
The ogre hits you with a giant club!!
Ouch! That really hurt!
You die...

######
.....#############
.................#
.............###.#
#.#..#.......# #.#
#.#..#######.# #.#
#.#.......##.# #.#
#.##.####.##.###@##
#.##.# #.##.##.O.##
#.##.# #.##.#.#.#.## #
.....#
#.##..##.##.########.#
##.###
#.##.###.....>.......#
#.#
#.##..##.........#####
##.##
#.##.#.#.#.#####.#
##### #...###
#<##.##...## #...#
#.... ..#...#
#.##.###.## #.###
#.###


You could see an ogre.

Vanquished Creatures
  A scorpion (D:4)
  A howler monkey (D:4)
  A hound (D:3)
  An orc priest (D:4)
  An orc wizard (D:2)
  3 adders (D:3)
  An ooze (D:3)
  An adder skeleton (D:4)
  4 worms
  2 dart slugs
  3 orcs (D:4)
  2 ball pythons
  2 bat skeletons (D:4)
  2 bat zombies (D:4)
  3 giant cockroaches
  11 goblins
  5 hobgoblins
  9 jackals
  8 kobolds
  A quokka (D:3)
  10 bats
  3 giant newts
  4 rats
79 creatures vanquished.

Notes
Turn   | Place    | Note
--------------------------------------------------------------
     0 | D:1      | varam the Demigod Transmuter began the quest for the Orb.
     0 | D:1      | Reached XP level 1. HP: 15/15 MP: 5/5
   220 | D:1      | Reached XP level 2. HP: 2/22 MP: 5/7
  1144 | D:2      | Found an iron altar of Okawaru.
  1240 | D:2      | Learned a level 2 spell: Sticks to Snakes
  1261 | D:2      | Found a sacrificial altar of Ru.
  1273 | D:2      | Reached skill level 3 in Unarmed Combat
  1273 | D:2      | Reached XP level 3. HP: 21/27 MP: 7/9
  2212 | D:3      | Reached XP level 4. HP: 8/34 MP: 10/10
  2234 | D:3      | HP: 1/34 [poisoned by an adder]
  2628 | D:3      | Learned a level 3 spell: Spider Form
  2659 | D:3      | Reached skill level 4 in Unarmed Combat
  2819 | D:3      | Found a deep blue altar of Sif Muna.
  2819 | D:3      | Found a snail-covered altar of Cheibriados.
  2820 | D:3      | Found a basalt altar of Yredelemnul.
  3337 | D:3      | Reached XP level 5. HP: 37/39 MP: 6/11
  3724 | D:4      | Found a burning altar of Makhleb.
  3763 | D:4      | Reached skill level 5 in Unarmed Combat
  4228 | D:4      | Found a shattered altar of Ashenzari.
  4591 | D:4      | Found an ancient bone altar of Kikubaaqudgha.
  4681 | D:4      | Noticed an ogre
  4703 | D:4      | Slain by an ogre

Skill      XL: |  1  2  3  4  5 |
---------------+----------------+-----
Spellcasting   | 2 |  2.4
Transmutations | 2 |  2.2
Unarmed Combat | 3 4 5 |  5.7
Dodging        | 2 |  2.1
Fighting       | |  0.8

Action                   |  1- 3 |  4- 6 || total
-------------------------+-------+-------++-------
Melee: Unarmed           |   130 |   120 ||   250
       Headbutt          |     3 |       ||     3
       Kick              |    15 |     7 ||    22
       Punch             |     1 |       ||     1
 Cast: Beastly Appendage |    24 |    11 ||    35
       Spider Form       |       |    21 ||    21
 Stab: Paralysed         |     1 |       ||     1
       Sleeping          |     1 |       ||     1
  Eat: Chunk             |     4 |     9 ||    13
       Pizza             |       |     1 ||     1
       Beef jerky        |       |     1 ||     1
Armor: Robe              |    33 |    12 ||    45
       Skin              |       |     5 ||     5
Dodge: Dodged            |    97 |   149 ||   246
